 Dungeon Crawl Stone Soup version 0.20-a0-501-g0de2c2e (webtiles) character file.

6336 Svalin the Basher (level 10, 91/91 HPs)
             Began as a Minotaur Berserker on Jan 7, 2017.
             Was an Elder of Trog.
             Quit the game on level 3 of the Lair of Beasts on Jan 19, 2017.
             The game lasted 00:26:52 (10780 turns).

Svalin the Basher (Minotaur Berserker)             Turns: 10780, Time: 00:26:53

Health: 91/91      AC:  9    Str: 27    XL:     10   Next: 64%
Magic:  9/9        EV: 12    Int:  8    God:    Trog [****..]
Gold:   827        SH:  4    Dex: 14    Spells: 9/9 levels left

rFire    . . .     SeeInvis .   p - +1 morningstar (protect)
rCold    . . .     Gourm    .   l - +0 ring mail
rNeg     . . .     Faith    .   (no shield)
rPois    .         Spirit   .   (helmet restricted)
rElec    .         Reflect  +   (no cloak)
rCorr    .         Harm     .   H - +1 pair of gloves
MR       .....                  (no boots)
Stlth    +.........             y - +4 amulet of reflection
Regen    0.3/turn               v - +6 ring of strength
                                j - +4 ring of intelligence

@: no status effects
A: retaliatory headbutt, horns 2
a: Berserk, Trog's Hand, Brothers in Arms, Burn Spellbooks, Renounce Religion


You were on level 3 of the Lair of Beasts.
You worshipped Trog.
Trog was greatly pleased with you.
You were hungry.

You visited 2 branches of the dungeon, and saw 11 of its levels.

You collected 827 gold pieces.

Inventory:

Hand Weapons
 a - a +0 mace
 p - a +1 morningstar of protection (weapon)
Armour
 l - a +0 ring mail (worn)
 H - a +1 pair of gloves (worn)
Jewellery
 b - an uncursed ring of fire
 j - a +4 ring of intelligence (left hand)
 v - a +6 ring of strength (right hand)
 y - a +4 amulet of reflection (around neck)
 C - a cursed amulet of inaccuracy {unknown}
Wands
 m - a wand of confusion (36/48)
 r - a wand of acid (12/15)
 D - a wand of random effects (9/48)
 I - a wand of iceblast (7/15)
Scrolls
 e - 6 scrolls of identify
 f - 2 scrolls of remove curse
 o - 6 scrolls of teleportation
 t - a scroll of magic mapping
 B - a scroll of fear {unknown}
Potions
 d - a potion of haste
 g - 3 potions of curing
 i - 2 potions of resistance
 k - a potion of might
 n - 4 potions of cancellation
 s - 2 potions of flight
 w - a potion of mutation
 x - 4 potions of heal wounds
 z - 3 potions of lignification
 A - a potion of invisibility
 E - a potion of berserk rage {unknown}
 G - a potion of agility {unknown}
Comestibles
 c - 9 bread rations
 h - 3 meat rations
 q - a royal jelly
 u - 3 beef jerkies
 F - 4 slices of pizza


   Skills:
 + Level 9.2 Fighting
 * Level 14.8 Maces & Flails
 + Level 9.0 Armour
 - Level 2.1 Dodging


You had 9 spell levels left.
You didn't know any spells.

Dungeon Overview and Level Annotations

Branches:
Dungeon (8/15)             Temple (0/1) D:5            Lair (3/6) D:8
  Swamp: Lair:2-4    Shoals: Lair:2-4     Snake: Lair:2-4    Spider: Lair:2-4

Altars:
Cheibriados
Elyvilon
Fedhas
Gozag
Makhleb
Okawaru
Trog
Zin
The Shining One

Shops:
D:5 }

Annotations:
D:8 exclusion: oklob plant


Innate Abilities, Weirdness & Mutations

You reflexively headbutt those who attack you in melee.
You have a pair of horns on your head.


Message History

There is a stone staircase leading down here.
There is an escape hatch in the floor here.
You now have 827 gold pieces (gained 13).
You enter the shallow water.
Moving in this stuff is going to be slow.
You are feeling hungry.
Found 15 arrows.
E - a brown potion Done exploring.
Done exploring.
You see here 4 javelins.
Done exploring.
There is a stone staircase leading down here.
You climb downwards.
Found 14 bolts.
There is a stone staircase leading up here.
Welcome back, Svalin the Minotaur Berserker.
Trog says: Kill them all!
Press ? for a list of commands and other information.
Are you sure you want to abandon this character and quit the game? (Confirm with "yes".)

.#P.## ....#
....###
...#. #
#...##
#.##....##
##.....(..#
#.....@...#
..#...###.##
### #


There were no monsters in sight!

Vanquished Creatures
  The ghost of sacra the Protected, a novice DDFi of Elyvilon (Lair:1)
  A two-headed ogre (D:8)
  A komodo dragon (Lair:2)
  The ghost of RexxRaptorr the Insei, an amateur OpTm (D:4)
  A hippogriff (D:7)
  A human (D:7)
  A yak (D:7)
  3 hogs (D:7)
  2 water moccasins (Lair:2)
  2 porcupines (Lair:2)
  A sky beast (D:5)
  2 orc warriors
  7 ice beasts
  An ogre (D:3)
  3 wolves (Lair:2)
  A centaur (D:6)
  3 crocodiles
  A big kobold (D:7)
  4 bullfrogs
  11 killer bees
  A howler monkey (D:5)
  2 electric eels
  A centaur zombie (D:5)
  4 crimson imps
  4 hounds
  A bullfrog skeleton (D:5)
  An iguana (D:4)
  2 orc priests
  5 orc wizards
  6 worker ants
  A gnoll (D:5)
  A howler monkey skeleton (D:6)
  10 adders
  A shadow imp (D:5)
  An adder zombie (D:7)
  A worm (D:2)
  4 dart slugs
  2 leopard geckos (D:4)
  27 orcs
  5 giant cockroaches
  4 goblins
  9 hobgoblins
  8 jackals
  7 kobolds
  4 quokkas
  2 ball pythons
  10 bats
  6 frilled lizards
  6 rats
  A fungus (D:1)
185 creatures vanquished.

Notes
Turn   | Place    | Note
-------+----------+-------------------------------------------
     0 | D:1      | Svalin the Minotaur Berserker began the quest for the Orb.
     0 | D:1      | Reached XP level 1. HP: 19/19 MP: 0/0
   292 | D:1      | Reached skill level 4 in Maces & Flails
   398 | D:1      | Reached XP level 2. HP: 24/26 MP: 1/1
   990 | D:2      | Reached skill level 5 in Maces & Flails
  1009 | D:2      | Found a bloodstained altar of Trog.
  1017 | D:2      | Reached XP level 3. HP: 22/31 MP: 2/2
  1450 | D:2      | Reached ** piety under Trog
  1458 | D:2      | Found an opulent altar of Gozag.
  2222 | D:3      | Reached XP level 4. HP: 29/39 MP: 3/3
  2232 | D:3      | Reached skill level 6 in Maces & Flails
  2467 | D:3      | Noticed a bullfrog
  2472 | D:3      | Killed a bullfrog
  2472 | D:3      | Reached XP level 5. HP: 23/45 MP: 4/4
  2474 | D:3      | Reached skill level 7 in Maces & Flails
  2650 | D:3      | Found a glowing golden altar of the Shining One.
  2709 | D:3      | Noticed an ogre
  2715 | D:3      | Killed an ogre
  2722 | D:3      | Reached skill level 8 in Maces & Flails
  3014 | D:3      | Found a glowing silver altar of Zin.
  3215 | D:4      | Reached XP level 6. HP: 40/51 MP: 5/5
  3450 | D:4      | Reached *** piety under Trog
  3555 | D:4      | Reached skill level 9 in Maces & Flails
  3663 | D:4      | Noticed RexxRaptorr's ghost (amateur OpTm)
  3672 | D:4      | Killed RexxRaptorr's ghost
  3672 | D:4      | Reached XP level 7. HP: 57/57 MP: 6/6
  3764 | D:4      | Reached skill level 10 in Maces & Flails
  3991 | D:4      | Found a burning altar of Makhleb.
  4159 | D:5      | Entered Level 5 of the Dungeon
  4267 | D:5      | Found a staircase to the Ecumenical Temple.
  4515 | D:5      | Found Ochum's Quality Used Wands.
  4667 | D:5      | Reached XP level 8. HP: 54/67 MP: 7/7
  4673 | D:5      | Reached skill level 11 in Maces & Flails
  4844 | D:5      | Found an iron altar of Okawaru.
  4849 | D:5      | Reached skill level 5 in Fighting
  5161 | D:6      | Found a snail-covered altar of Cheibriados.
  5380 | D:6      | Reached skill level 5 in Armour
  5485 | D:6      | Found a white marble altar of Elyvilon.
  5607 | D:6      | Reached skill level 12 in Maces & Flails
  5870 | D:6      | Reached XP level 9. HP: 75/75 MP: 8/8
  5873 | D:6      | Reached **** piety under Trog
  6736 | D:7      | Found a bloodstained altar of Trog.
  7179 | D:7      | Reached skill level 13 in Maces & Flails
  7511 | D:8      | Noticed a two-headed ogre
  7516 | D:8      | Killed a two-headed ogre
  7516 | D:8      | Reached XP level 10. HP: 70/88 MP: 9/9
  8222 | D:8      | Found a blossoming altar of Fedhas.
  8246 | D:8      | Noticed an oklob plant
  8480 | D:8      | Reached skill level 14 in Maces & Flails
  8617 | D:8      | Found a staircase to the Lair.
  8756 | Lair:1   | Entered Level 1 of the Lair of Beasts
  8864 | Lair:1   | Noticed sacra's ghost (novice DDFi)
  8879 | Lair:1   | Killed sacra's ghost
 10780 | Lair:3   | Upgraded the game from 0.20-a0-449-g96be121 to 0.20-a0-501-g0de2c2e
 10780 | Lair:3   | Quit the game

Vault maps used:
D:1:      dpeg_arrival_water_fire
D:2:      nicolae_gozag_cash_rules_everything_around_me, first_bread, trog_book
D:3:      nicolae_tso_carved_into_rock, zin_scriptorium
D:4:      lemuel_coloured_pillars_altar
D:5:      okawaru_altar_gauntlet_db, nicolae_for_you_no_charge
D:6:      overflow_temple_1_default, marbit_many_paths
D:7:      lemuel_crystal_altar, grunt_livestock
D:8:      lair_entry_dummy, kennysheep_big_empty_room, tgw_fedhas
Lair:2:   bh_autumn_forest_stairs, nicolae_quartered_pool_super
Lair:3:   guppyfry_snake_entry_garden

Skill      XL: |  1  2  3  4  5  6  7  8  9 10 |
---------------+-------------------------------+-----
Maces & Flails | 4 5 6 8 9 10 12 13 14 | 14.8
Fighting       | 4 6 8 9 |  9.2
Armour         | 3 5 7 9 |  9.0
Dodging        | |  2.1

Action                   |  1- 3 |  4- 6 |  7- 9 | 10-12 || total
-------------------------+-------+-------+-------+-------++-------
Melee: Mace              |    83 |    11 |       |       ||    94
       Headbutt          |    14 |    12 |    45 |    18 ||    89
       Morningstar       |       |    73 |   217 |   103 ||   393
Invok: Berserk           |       |     3 |     2 |     1 ||     6
       Trog's Hand       |       |     1 |     2 |     1 ||     4
       Burn Spellbooks   |       |       |     3 |       ||     3
  Use: Scroll            |     4 |     5 |     9 |     6 ||    24
       Potion            |       |       |     1 |       ||     1
 Stab: Sleeping          |     1 |       |       |       ||     1
  Eat: Chunk             |     4 |     7 |    11 |     6 ||    28
       Pizza             |       |       |     3 |     3 ||     6
Armor: Animal skin       |     6 |       |       |       ||     6
       Ring mail         |    17 |    36 |    86 |    42 ||   181
Dodge: Dodged            |    48 |    40 |   110 |    33 ||   231
Block: Other             |       |       |    19 |    16 ||    35
